 Dungeon Sprint DCSS version 0.31-a0-844-gdc52ec4e09 (webtiles) character file.

Game seed: 13449940924040983528

1134 sircluck the Grappler (level 8, -3/92 HPs)
             Began as a Troll Berserker on Sept 28, 2023.
             Was a Priest of Trog.
             Slain by a vampire mosquito (6 damage)
             ... in the Dungeon (Sprint VII: "The Pits").
             The game lasted 00:00:32 (231 turns).

sircluck the Grappler (Troll Berserker)              Turns: 231, Time: 00:00:32

Health: -3/92      AC:  4    Str: 28    XL:     8   Next: 14%
Magic:  7/7        EV: 12    Int:  3    God:    Trog [***...]
Gold:   0          SH:  0    Dex:  9    Spells: 7/7 levels left

rFire   . .          .
                       - Unarmed
rCold   . . .        (no shield)
rNeg    . . .        a - +0 animal skin
rPois   .            (helmet restricted)
rElec   .            (no cloak)
rCorr   .            (gloves unavailable)
SInv    .            (boots unavailable)
Will    .....        (no amulet)
Stlth   +            (no ring)
HPRegen 1.15/turn    (no ring)
MPRegen 0.10/turn

%: no teleportation
@: no status effects
A: large, unfitting armour, claws 3, regeneration 1, shaggy fur 1, tough skin 1
a: Renounce Religion, Berserk, Trog's Hand


You were in the Dungeon.
You worshipped Trog.
Trog was most pleased with you.
You visited 1 branch

Inventory:

Armour
 a - a +0 animal skin (worn)
Scrolls
 g - a scroll of blinking
Potions
 b - a potion of curing
 c - a potion of heal wounds
 d - a potion of haste
 e - 2 potions of magic
 f - a potion of berserk rage


   Skills:
 + Level 9.2 Fighting
 + Level 9.1 Dodging
 + Level 10.8 Unarmed Combat


You had 7 spell levels left.
You didn't know any spells.
Your spell library was empty.

Dungeon Overview and Level Annotations

Branches:
Dungeon (1/1)

Altars:


Innate Abilities, Weirdness & Mutations

You are too large for most types of armour.
You have claws for hands.
Your natural rate of healing is unusually fast.
You are covered in fur. (AC +1)
You have tough skin. (AC +1)


Message History

The blast of flame hits you!
Your Dodging skill increases to level 9!
The vampire mosquito barely misses you. The hell hound closely misses you.
The vampire mosquito closely misses you.
A hell hound comes into view.
The vampire mosquito closely misses you.
The hell hound misses you.
You see here a vampire mosquito corpse.
You barely miss the vampire mosquito.
The vampire mosquito is moderately damaged.
A vampire mosquito comes into view.
The vampire mosquito misses you. The hell hound bites you.
The vampire mosquito bites you.
The vampire mosquito draws strength from your injuries!
The hell hound closely misses you.
The vampire mosquito bites you but does no damage.
You claw the vampire mosquito! Your claw misses the vampire mosquito.
The vampire mosquito is almost destroyed.
The vampire mosquito bites you!
The vampire mosquito draws strength from your injuries!
The hell hound breathes flames at you. The blast of flame hits you!
The vampire mosquito bites you!
* * * LOW HITPOINT WARNING * * *
The vampire mosquito draws strength from your injuries!
The vampire mosquito bites you!
* * * LOW HITPOINT WARNING * * *
The vampire mosquito draws strength from your injuries!
The hell hound closely misses you.
You completely miss the vampire mosquito.
The vampire mosquito is severely damaged.
The vampire mosquito bites you.
* * * LOW HITPOINT WARNING * * *
The vampire mosquito draws strength from your injuries!
The vampire mosquito bites you.
* * * LOW HITPOINT WARNING * * *
The vampire mosquito draws strength from your injuries!
The hell hound bites you!
* * * LOW HITPOINT WARNING * * *
The vampire mosquito bites you.
You die...

########## .....##..#
.....##..# .....''..#
#
.....''..##########..#
.....##........y@hh..#
.....##........hyy...#
######################
# # # #### #+#
#..#####.##
#....##...#


You could see 3 hell hounds and 3 vampire mosquitoes.

Vanquished Creatures
  A lindwurm (D)
  A kobold demonologist (D)
  A guardian mummy (D)
  A vampire mosquito (D)
  A kobold brigand (D)
  An adder skeleton (D)
  A goblin (D)
7 creatures vanquished.

Notes
Turn   | Place    | Note
-------+----------+-------------------------------------------
     0 | D        | sircluck the Troll Berserker began the quest for the Orb.
     0 | D        | Reached XP level 1. HP: 22/22 MP: 0/0
    21 | D        | Noticed a kobold brigand
    21 | D        | Noticed a kobold demonologist
    27 | D        | Noticed a quasit
    34 | D        | Killed a kobold demonologist
    34 | D        | Reached ** piety under Trog
    35 | D        | Reached skill level 7 in Unarmed Combat
    35 | D        | Reached XP level 2. HP: 37/37 MP: 1/1
    35 | D        | Reached XP level 3. HP: 45/45 MP: 2/2
    35 | D        | Reached XP level 4. HP: 53/53 MP: 3/3
    35 | D        | Reached XP level 5. HP: 61/61 MP: 4/4
    35 | D        | Reached XP level 6. HP: 68/68 MP: 5/5
    37 | D        | Reached skill level 8 in Unarmed Combat
   160 | D        | Noticed a guardian mummy
   161 | D        | Noticed a lindwurm
   174 | D        | Killed a guardian mummy
   175 | D        | Reached skill level 9 in Unarmed Combat
   175 | D        | Reached XP level 7. HP: 71/79 MP: 6/6
   178 | D        | Killed a lindwurm
   178 | D        | Reached *** piety under Trog
   179 | D        | Reached skill level 10 in Unarmed Combat
   179 | D        | Reached XP level 8. HP: 67/92 MP: 7/7
   231 | D        | HP: 3/92 [hell hound (9)]
   231 | D        | Slain by a vampire mosquito

Illustrated notes

Levels and vault maps discovered:
D:        pitsprint [storerooms_1, entrance_room_1, metal_vault_1, armoury_1,
          mini_pit_1, grid_room_1, main_hall_1, silver_pit, the_coven_1,
          the_vestibule_1, steel_vault_4, golden_pit, hallway_of_sentries,
          crystal_vault_1, iron_vault_3, final_vault]

Skill      XL: |  1  2  3  4  5  6  7  8 |
---------------+-------------------------+-----
Fighting       | 6 7 9 |  9.2
Dodging        | 6 7 8 9 |  9.1
Unarmed Combat | 7 9 10 | 10.8

Action                     |  1- 3 |  4- 6 |  7- 9 || total
---------------------------+-------+-------+-------++-------
  Melee: Unarmed           |     8 |    10 |     9 ||    27
 Invoke: Berserk           |     1 |     1 |       ||     2
 Armour: Animal skin       |    12 |     3 |    24 ||    39
  Dodge: Dodged            |     5 |     2 |    13 ||    20

Table legend: (Time is in decaauts)
 A = Elapsed time spent in this place.
 B = Non-inter-level travel time spent in this place.
 C = Inter-level travel time spent in this place.
 D = Time resting spent in this place.
 E = Time spent auto-exploring this place.
 F = Levels seen in this place.
 G = Mean time per level.
                   A        B        C        D        E       F      G
               +--------+--------+--------+--------+--------+-----+--------+
         Total |    240 |    240 |      0 |     86 |     21 |   1 |  240.0 |
       Dungeon |    240 |    240 |      0 |     86 |     21 |   1 |  240.0 |
               +--------+--------+--------+--------+--------+-----+--------+

Top non-repeatable levels by time:
       D: 240 daAuts
